 Dungeon Crawl Stone Soup version 0.23.1-41-g7e51ed32d8 (webtiles) character file.

Game seed: 619658073426180357

3612 Gargoyl the Covered (level 9, -3/72 HPs)
             Began as a Centaur Abyssal Knight on Mar 30, 2019.
             Was an Elder of Lugonu.
             Slain by a slime creature (8 damage)
             ... on level 7 of the Dungeon.
             The game lasted 00:16:08 (11690 turns).

Gargoyl the Covered (Centaur Abyssal Knight)       Turns: 11690, Time: 00:16:08

Health: -3/72      AC: 14    Str: 21    XL:     9   Next: 86%
Magic:  13/13      EV:  5    Int: 11    God:    Lugonu [****..]
Gold:   247        SH:  6    Dex: 14    Spells: 8/8 levels left

rFire    . . .     SeeInvis .   A - +2 hand axe (venom)
rCold    . . .     Gourm    .   d - +1 buckler
rNeg     . . .     Faith    .   j - +0 plate armour
rPois    .         Spirit   .   (no helmet)
rElec    .         Reflect  .   z - +0 cloak
rCorr    .         Harm     .   (no gloves)
MR       .....                  (no barding)
Stlth    ..........             (no amulet)
HPRegen  0.22/turn              m - +4 ring of dexterity
MPRegen  0.13/turn              n - +2 ring of strength

@: very quick
A: large, hooves 3, yellow scales 1, deformed body, speed 2, strong 1, tough
skin 3
a: Depart the Abyss, Bend Space, Banish, Corrupt, Renounce Religion


You were on level 7 of the Dungeon.
You worshipped Lugonu.
Lugonu was greatly pleased with you.
You were not hungry.

You visited 1 branch of the dungeon, and saw 8 of its levels.
You visited the Abyss 1 time.
You also visited: Ossuary.

You collected 247 gold pieces.

Inventory:

Hand Weapons
 a - a +2 hand axe
 s - a +0 war axe
 A - a +2 hand axe of venom (weapon)
Armour
 d - a +1 buckler (worn)
 j - a +0 plate armour (worn)
 z - a +0 cloak (worn)
Jewellery
 h - an uncursed ring of protection from cold
 m - a +4 ring of dexterity (left hand)
 n - a +2 ring of strength (right hand)
 t - an uncursed ring of see invisible
Wands
 u - a wand of disintegration (9)
 w - a wand of enslavement (10)
 y - a wand of flame (3)
Scrolls
 e - 5 scrolls of remove curse
 f - a scroll of magic mapping
 l - 2 scrolls of teleportation
 o - a scroll of identify
 v - a scroll of blinking
Potions
 b - 3 potions of curing
 g - 2 potions of mutation
 i - a potion of agility
 k - a potion of cancellation
 p - a potion of lignification
 q - a potion of magic {unknown}
 r - 2 potions of invisibility
 x - a potion of flight
Comestibles
 c - 6 rations


   Skills:
 + Level 4.7 Fighting
 + Level 6.1 Axes
 * Level 7.0 Armour
 + Level 1.6 Dodging
 * Level 4.0 Shields
 * Level 6.2 Invocations


You had 8 spell levels left.
You didn't know any spells.
Your spell library was empty.

Dungeon Overview and Level Annotations

Branches:
Dungeon (8/15)             Temple (0/1) D:7            Lair (0/6) D:8

Altars:
Cheibriados
Elyvilon
Okawaru
Qazlal
Sif Muna
Xom
The Shining One

Shops:
D:5 ?

Annotations:
D:6 2 transporters, strelocc's ghost, novice FoFi


Innate Abilities, Weirdness & Mutations

You have hooves in place of feet.
Armour fits poorly on your strangely shaped body.
You cover ground very quickly.
You have extremely tough skin. (AC +3)
You are partially covered in yellow scales. (AC +2)
Your muscles are strong. (Str +2)


Message History

Aim: a slime creature (severely wounded, chance to defeat MR: 48%)
The slime creature resists with some effort.
Aiming: Disintegrate
Press: ? - help, Shift-Dir - straight line, f/p - slime creature
Aim: a slime creature (severely wounded, chance to defeat MR: 48%)
The slime creature is blasted!
Aiming: Disintegrate
Press: ? - help, Shift-Dir - straight line, f/p - slime creature
Aim: a slime creature (almost dead, chance to defeat MR: 48%)
The slime creature resists with some effort.
Your plate armour prevents you from hitting the slime creature.
You kick the slime creature.
The slime creature is almost dead.
The slime creature barely misses you.
You barely miss the slime creature.
The slime creature is almost dead.
The slime creature hits you!
* * * LOW HITPOINT WARNING * * *
The slime creature hits you!
You die...

[##....<..# #.....<....#
.##...[...######.........#
......>..........#.......#
###......#.......###.#####
#..............# #.#
#..............###.#
#..................#
##.....#.......#####
##...##......@#
##.###.....J.#
#...#########
##..........# #..........#
#######..........#
.................#
#######..........#
#..........#


You could see a slime creature.

Vanquished Creatures
  A hippogriff (D:8)
  Eustachio (D:6)
  A hungry ghost (D:7)
  Edmund (D:5)
  A water moccasin (D:6)
  An ice beast (D:8)
  A black bear (D:4)
  A phantom (D:8)
  3 ogres
  2 centaurs
  A big kobold (D:8)
  3 bullfrogs
  A wyvern skeleton (D:7)
  3 scorpions
  A killer bee (D:8)
  3 howler monkeys
  4 crimson imps
  2 bullfrog zombies
  2 jellies
  2 centaur skeletons
  A bullfrog skeleton (D:6)
  8 orc priests
  5 hounds
  2 iguanas
  7 orc wizards
  7 worker ants
  A killer bee zombie (D:6)
  A worker ant zombie (D:7)
  A howler monkey skeleton (D:6)
  8 adders
  7 gnolls
  7 shadow imps
  An ooze (D:1)
  An adder zombie (D:5)
  An adder skeleton (D:6)
  3 worms
  A dart slug (D:4)
  3 leopard geckos
  34 orcs
  A ball python (D:1)
  6 giant cockroaches
  4 goblins
  7 hobgoblins
  12 kobolds
  8 quokkas
  11 bats
  5 frilled lizards
  A quokka zombie (D:4)
  7 rats
  A rat zombie (D:4)
197 creatures vanquished.

Vanquished Creatures (others)
  A hornet (D:7)
  A phantom (D:6)
  2 ogres (D:5)
  A crimson imp (D:5)
  An orc wizard (D:2)
  2 adders (D:5)
  2 leopard geckos (D:5)
  An orc (D:5)
  A frilled lizard (D:5)
12 creatures vanquished.

Grand Total: 209 creatures vanquished

Notes
Turn   | Place    | Note
-------+----------+-------------------------------------------
     0 | Abyss:1  | Gargoyl the Centaur Abyssal Knight began the quest for the
                  | Orb.
     0 | Abyss:1  | Reached XP level 1. HP: 19/19 MP: 2/2
    50 | Abyss:1  | Found a snail-covered altar of Cheibriados.
    84 | Abyss:1  | Noticed a wretched star
    92 | Abyss:1  | Noticed a starcursed mass
   166 | Abyss:1  | Noticed a bone dragon
   166 | Abyss:1  | Noticed a thrashing horror
   169 | D:1      | Escaped the Abyss
   396 | D:1      | Reached * piety under Lugonu
   519 | D:1      | Reached XP level 2. HP: 26/26 MP: 3/3
  1026 | D:2      | Reached XP level 3. HP: 12/31 MP: 4/4
  1417 | D:2      | Reached skill level 2 in Armour
  1453 | D:2      | Reached skill level 1 in Dodging
  1723 | D:2      | Reached XP level 4. HP: 10/38 MP: 5/5
  1725 | D:2      | Reached ** piety under Lugonu
  1725 | D:2      | Reached skill level 1 in Shields
  2170 | D:2      | Reached XP level 5. HP: 42/45 MP: 5/7
  2485 | D:2      | Found a deep blue altar of Sif Muna.
  2591 | D:2      | Gained mutation: You are partially covered in yellow
                  | scales. (AC +2) [potion of mutation]
  2591 | D:2      | Gained mutation: Your muscles are strong. (Str +2) [potion
                  | of mutation]
  2640 | D:2      | HP: 1/45 [bullfrog (3)]
  3628 | D:3      | Reached XP level 6. HP: 41/51 MP: 8/8
  3952 | D:2      | Reached skill level 3 in Armour
  4627 | D:3      | Reached *** piety under Lugonu
  4784 | D:4      | Found a sand-covered staircase.
  4791 | Ossuary  | Entered an ossuary
  5268 | D:4      | Reached XP level 7. HP: 12/58 MP: 9/9
  5991 | D:4      | Reached skill level 4 in Armour
  6606 | D:5      | Entered Level 5 of the Dungeon
  6606 | D:5      | Found a glowing golden altar of the Shining One.
  6640 | D:5      | Found a snail-covered altar of Cheibriados.
  6986 | D:5      | Reached XP level 8. HP: 66/66 MP: 11/11
  7055 | D:5      | Found a shimmering altar of Xom.
  7464 | D:5      | Found Cacymp's Magic Scroll Emporium.
  7569 | D:6      | Noticed Edmund
  7813 | D:6      | Reached skill level 5 in Armour
  8213 | D:6      | Reached skill level 5 in Invocations
  8253 | D:6      | Found a transporter.
  8267 | D:6      | Found a transporter.
  8268 | D:6      | Noticed strelocc's ghost (novice FoFi)
  8353 | D:6      | Noticed Eustachio
  8364 | D:6      | Killed Eustachio
  8364 | D:6      | Reached skill level 5 in Axes
  8365 | D:6      | Found a stormy altar of Qazlal.
  8368 | D:6      | Noticed an air elemental
  8609 | D:5      | Killed Edmund
  8857 | D:7      | Reached XP level 9. HP: 61/72 MP: 13/13
  9433 | D:7      | Found a white marble altar of Elyvilon.
  9471 | D:7      | Found a staircase to the Ecumenical Temple.
  9676 | D:7      | Paralysed by a hornet for 2 turns
  9679 | D:7      | Paralysed by a hornet for 2 turns
  9682 | D:7      | Reached **** piety under Lugonu
 10008 | D:7      | Reached skill level 6 in Armour
 10262 | D:7      | Found an iron altar of Okawaru.
 10700 | D:8      | Found a staircase to the Lair.
 10730 | D:8      | Noticed a kobold demonologist
 10734 | D:8      | Noticed a catoblepas
 11439 | D:8      | Reached skill level 7 in Armour
 11690 | D:7      | Slain by a slime creature

Skill      XL: |  1  2  3  4  5  6  7  8  9 |
---------------+----------------------------+-----
Axes           | 2 3 4 5 6 |  6.1
Armour         | 2 3 4 5 7 |  7.0
Dodging        | 1 |  1.6
Shields        | 1 2 4 |  4.0
Invocations    | 3 4 5 6 |  6.2
Fighting       | 4 |  4.7

Action                   |  1- 3 |  4- 6 |  7- 9 || total
-------------------------+-------+-------+-------++-------
Melee: Hand axe          |   109 |   200 |   437 ||   746
       Kick              |    13 |    58 |   163 ||   234
Invok: Depart the Abyss  |     1 |       |       ||     1
       Bend Space        |       |     3 |       ||     3
       Banish            |       |       |     3 ||     3
Evoke: Wand              |       |       |     3 ||     3
  Use: Potion            |     5 |     7 |     2 ||    14
       Scroll            |     1 |    11 |     6 ||    18
 Stab: Invisible         |       |     1 |       ||     1
  Eat: Chunk             |     2 |     7 |    15 ||    24
       Ration            |       |     1 |     3 ||     4
Armor: Leather armour    |    58 |     1 |       ||    59
       Scale mail        |       |    91 |       ||    91
       Plate armour      |       |    47 |   345 ||   392
Dodge: Dodged            |    57 |    71 |    82 ||   210
Block: Buckler           |    16 |    55 |   111 ||   182
